 Dungeon Crawl Stone Soup version 0.31-a0-435-g2c6fae2916 (webtiles) character file.

Game seed: 13822606497240595552

1314 lunkers the Martial Artist (level 9, -3/64 HPs)
             Began as a Meteoran Shapeshifter on Aug 1, 2023.
             Was an Initiate of Gozag.
             Slain by a gnoll
             ... wielding a +0 club
             ... led by a gnoll sergeant
              (4 damage)
             ... on level 6 of the Dungeon.
             The game lasted 00:07:02 (2606 turns).

lunkers the Martial Artist (Meteoran Shapeshifter)  Turns: 2606, Time: 00:07:02

Health: -3/64      AC:  5    Str: 17    XL:     9   Next: 13%
Magic:  10/10      EV: 12    Int:  9    God:    Gozag
Gold:   498        SH:  5    Dex: 20    Spells: 8/8 levels left

rFire   . .          .
                       - Unarmed
rCold   . . .        (no shield)
rNeg    . . .        r - +0 ring mail
rPois   .            (helmet currently unavailable)
rElec   .            (cloak currently unavailable)
rCorr   .            (gloves currently unavailable)
SInv    .            (boots currently unavailable)
Will    +....        i - amulet of reflection
Stlth   +            (no ring)
HPRegen 0.30/turn    (no ring)
MPRegen 0.12/turn

%: reflection
@: beast-form, gold aura, glowing, studying Throwing
A: beast (slay +4), sense surroundings 2, otherworldly, glowing, explore regen
a: Begin Untransformation, Renounce Religion, Potion Petition, Call Merchant,
Bribe Branch


You were on level 6 of the Dungeon.
You worshipped Gozag.
Gozag was aware of your devotion.
You were a hulking beast.
You visited 1 branch of the dungeon, and saw 6 of its levels.

You collected 633 gold pieces.
You spent 135 gold pieces at shops.

Inventory:

Armour
 a - a +0 animal skin
 h - a +1 cloak
 r - a +0 ring mail (worn)
 t - a scarf of shadows
Jewellery
 b - a ring of resist corrosion
 i - an amulet of reflection (around neck)
Talismans
 c - a beast talisman (active)
Wands
 k - a wand of flame (10)
Scrolls
 f - a scroll of torment
 g - a scroll of amnesia
 o - a scroll of blinking {unknown}
 p - a scroll of fog {unknown}
 s - a scroll of enchant armour {unknown}
 v - a scroll of identify {unknown}
Potions
 d - 2 potions of heal wounds {unknown}
 e - 3 potions of brilliance {unknown}
 j - 2 potions of enlightenment {unknown}
 l - 2 potions of attraction {unknown}
 m - a potion of magic {unknown}
 q - a potion of invisibility {unknown}
 u - a potion of curing {unknown}


   Skills:
 - Level 1.1 Fighting
 - Level 2.4 Dodging
 * Level 10.7 Unarmed Combat
 + Level 6.7 Shapeshifting


You had 8 spell levels left.
You didn't know any spells.
Your spell library contained the following spells:

 Spells                   Type           Power      Damage    Failure   Level
 Apportation              Tloc           0%         N/A       58%         1
 Necrotise                Necr           0%         1d4       58%         1
 Summon Small Mammal      Summ           0%         N/A       58%         1
 Blink                    Tloc           0%         N/A       75%         2
 Manifold Assault         Tloc           0%         N/A       100%        4
 Summon Forest            Summ/Tloc      0%         N/A       100%        5
 Summon Mana Viper        Hex/Summ       0%         N/A       100%        5
 Summon Cactus Giant      Summ           0%         N/A       100%        6


Dungeon Overview and Level Annotations

Branches:
Dungeon (6/15) Zot: 1032
 Temple: D:4-7

Altars:
Elyvilon
Gozag
Makhleb

Shops:
D:2 *

Annotations:
D:5 Pikel


Innate Abilities, Weirdness & Mutations

You are a hulking beast.
Your limbs bulge with bestial killing power. (Slay +4)
You passively map the area around you.
You are easily found by Zot.
You glow in the dark.
You regain HP and MP as you explore.


Message History

The gnoll completely misses you.
The gnoll sergeant hits you with a +0 spear!
You closely miss the gnoll sergeant. The gnoll barely misses you.
The gnoll sergeant hits you with a +0 spear.
You hit the gnoll sergeant but do no damage.
The gnoll hits you with a +0 spear!
The gnoll is distracted by your dazzling golden aura.
The gnoll sergeant barely misses you.
The gnoll shouts!
You hit the gnoll sergeant but do no damage.
You punch the gnoll sergeant, but do no damage.
The gnoll is no longer distracted by gold.
The gnoll closely misses you.
The gnoll sergeant hits you with a +0 spear.
* * * LOW HITPOINT WARNING * * *
You hit the gnoll sergeant but do no damage.
Unknown command.
Okay, then.
You hit the gnoll sergeant.
The gnoll sergeant is lightly wounded.
The gnoll hits you with a +0 spear!
* * * LOW HITPOINT WARNING * * *
The gnoll hits you with a +0 club.
* * * LOW HITPOINT WARNING * * *
The gnoll sergeant hits you with a +0 spear.
* * * LOW HITPOINT WARNING * * *
You hit the gnoll sergeant.
The gnoll sergeant is moderately wounded.
The gnoll hits you with a +0 spear.
* * * LOW HITPOINT WARNING * * *
The gnoll closely misses you.
The gnoll sergeant hits you with a +0 spear.
* * * LOW HITPOINT WARNING * * *
The gnoll hits you from afar with a +0 spear.
* * * LOW HITPOINT WARNING * * *
The gnoll sergeant hits you from afar with a +0 spear!
* * * LOW HITPOINT WARNING * * *
The gnoll attacks as you move away! The gnoll hits you with a +0 club.
You die...
Your body crumbles into a pile of gold.

...#....[## #.......... * ,
._........####.....##* *
*.............#.))...#
............[.))#...# .. ,
*#...##....##..)#....#####.#.
#... #........###.#..........
##.
#.....g.g###.#.....#.#.#.# #
##..#..gg$#...............
#.##....h#.........##....
####.....................
###...................
####.....#..........
######...........
#........... #.....)....#
#..........# ####...##.##


You could see a gnoll sergeant and 3 gnolls.

Vanquished Creatures
  Grinder (D:5)
  4 black bears
  An ogre (D:5)
  2 lemures
  A phantom (D:6)
  4 scorpions
  A howler monkey (D:5)
  2 hounds
  An orc priest (D:6)
  2 orc wizards
  2 iguanas
  3 adders
  An ufetubus (D:4)
  2 worms
  A dart slug (D:1)
  11 orcs
  6 ball pythons
  2 endoplasms
  2 giant cockroaches
  13 goblins
  6 hobgoblins
  3 quokkas
  8 bats
  A frilled lizard (D:3)
  8 kobolds
  8 rats
96 creatures vanquished.

Notes
Turn   | Place    | Note
-------+----------+-------------------------------------------
     0 | D:1      | lunkers the Meteoran Shapeshifter began the quest for the
                  | Orb.
     0 | D:1      | Reached XP level 1. HP: 16/16 MP: 2/2
    41 | D:1      | Reached skill level 4 in Unarmed Combat
    72 | D:1      | Reached XP level 2. HP: 13/23 MP: 3/3
   130 | D:1      | Found a faded altar of an unknown god.
   139 | D:1      | Prayed at the altar of an unknown god.
   139 | D:1      | Became a worshipper of Gozag Ym Sagoz the Greedy
   358 | D:1      | Reached XP level 3. HP: 28/28 MP: 4/4
   457 | D:1      | Reached skill level 5 in Unarmed Combat
   503 | D:1      | Glimpsed the power of Zot.
   736 | D:2      | Found Ciptes's Assorted Antiques.
   817 | D:2      | Bought a scroll labelled DERITI ZORCH for 23 gold pieces
   817 | D:2      | Bought a fuming ruby potion for 20 gold pieces
   817 | D:2      | Bought a glass wand for 92 gold pieces
  1060 | D:3      | Reached XP level 4. HP: 23/35 MP: 5/5
  1184 | D:3      | Noticed a black bear
  1193 | D:3      | Killed a black bear
  1194 | D:3      | Reached skill level 6 in Unarmed Combat
  1194 | D:3      | Reached XP level 5. HP: 12/40 MP: 6/6
  1406 | D:3      | Reached XP level 6. HP: 47/47 MP: 7/7
  1681 | D:4      | Found a white marble altar of Elyvilon.
  1714 | D:4      | Reached skill level 7 in Unarmed Combat
  1935 | D:4      | Reached XP level 7. HP: 25/52 MP: 8/8
  1942 | D:4      | Reached skill level 5 in Shapeshifting
  2029 | D:5      | Entered Level 5 of the Dungeon
  2088 | D:5      | Reached skill level 8 in Unarmed Combat
  2189 | D:5      | Noticed Pikel
  2321 | D:5      | Noticed Grinder
  2334 | D:5      | Paralysed by Grinder for 5 turns
  2340 | D:5      | Killed Grinder
  2341 | D:5      | Reached skill level 9 in Unarmed Combat
  2341 | D:5      | Reached XP level 8. HP: 49/59 MP: 9/9
  2501 | D:6      | Reached skill level 10 in Unarmed Combat
  2516 | D:6      | Gained mutation: You passively map the area around you.
                  | [Meteoran growth]
  2516 | D:6      | Reached XP level 9. HP: 31/64 MP: 10/10
  2575 | D:6      | Found a burning altar of Makhleb.
  2605 | D:6      | HP: 1/64 [gnoll sergeant/+0 spear (10)]
  2606 | D:6      | Slain by a gnoll

Illustrated notes

Levels and vault maps discovered:
D:1:      dpeg_arrival_subterranean_lakeside_camping, layout_loops_ring,
          shapermc_ecumenical_altar_mp_ritualfount
D:2:      layout_loops_ring, serial_shops, shop
D:3:      layout_rooms, serial_shops, shop, kennysheep_crisscross,
          minmay_checkerbox
D:4:      layout_cave_pods, mainiacjoe_overflow_tiny_flanked,
          kennysheep_mini_moat
D:5:      layout_loops_ring, lemuel_temple_firewalk_b, serial_shops, shop,
          uniq_pikel, uniq_crazy_yiuf_cottage, uniq_grinder
D:6:      layout_cave_pools, bloody_makhleb, st_stairs_11

Skill      XL: |  1  2  3  4  5  6  7  8 |
---------------+-------------------------+-----
Unarmed Combat | 4 5 6 7 9 10 | 10.7
Shapeshifting  | 4 5 6 |  6.7
Fighting       | |  1.1
Dodging        | |  2.4

Action                     |  1- 3 |  4- 6 |  7- 9 || total
---------------------------+-------+-------+-------++-------
  Melee: Unarmed           |    75 |    98 |   118 ||   291
         Punch             |     3 |     5 |     8 ||    16
    Use: Scroll            |     3 |       |     1 ||     4
         Potion            |       |     1 |     1 ||     2
 Armour: Animal skin       |    25 |     8 |       ||    33
         Skin              |       |     5 |     4 ||     9
         Ring mail         |       |     8 |    33 ||    41
  Dodge: Dodged            |    38 |    34 |    52 ||   124
  Block: Other             |     2 |    16 |    32 ||    50
         Reflection        |       |     1 |     1 ||     2

Table legend: (Time is in decaauts)
 A = Elapsed time spent in this place.
 B = Non-inter-level travel time spent in this place.
 C = Inter-level travel time spent in this place.
 D = Time resting spent in this place.
 E = Time spent auto-exploring this place.
 F = Levels seen in this place.
 G = Mean time per level.
                   A        B        C        D        E       F      G
               +--------+--------+--------+--------+--------+-----+--------+
         Total |   2567 |   2414 |    153 |     43 |   1532 |   6 |  427.8 |
       Dungeon |   2567 |   2414 |    153 |     43 |   1532 |   6 |  427.8 |
               +--------+--------+--------+--------+--------+-----+--------+

Top non-repeatable levels by time:
     D:4: 616 daAuts
     D:2: 528 daAuts
     D:1: 517 daAuts
     D:3: 433 daAuts
     D:5: 343 daAuts
     D:6: 129 daAuts
